 Dungeon Crawl Stone Soup version 0.27.1-33-g824d729ab1 (webtiles) character file.

Game seed: 10308306108970835182

2834 potato4science the Blocker (level 10, -5/80 HPs)
             Began as a Formicid Fighter on Dec 25, 2021.
             Slain by a two-headed ogre (20 damage)
             ... on level 9 of the Dungeon.
             The game lasted 00:29:15 (10869 turns).

potato4science the Blocker (Formicid Fighter)      Turns: 10869, Time: 00:29:15

Health: -5/80      AC: 12    Str: 22    XL:     10   Next: 3%
Magic:  19/19      EV:  8    Int: 10    God:
Gold:   336        SH: 13    Dex: 16    Spells: 9/9 levels left

rFire    . . .     SeeInvis +   v - +2 war axe (freeze)
rCold    . . .     Faith    .   c - +1 kite shield
rNeg     . . .     Spirit   .   q - +0 chain mail
rPois    .         Reflect  .   (helmet unavailable)
rElec    .         Harm     .   y - scarf {+Inv}
rCorr    .         Rampage  .   s - +0 pair of gloves
Will     +....                  (no boots)
Stlth    ..........             (no amulet)
HPRegen  0.23/turn              e - ring of magical power
MPRegen  0.16/turn              j - +6 ring of dexterity

@: no status effects
A: permanent stasis, dig shafts and tunnels, antennae 3, four strong arms
a: Dig, Shaft Self, Evoke Invisibility


You were on level 9 of the Dungeon.
You visited 2 branches of the dungeon, and saw 10 of its levels.

You collected 336 gold pieces.

Inventory:

Hand Weapons
 a - a +0 war axe
 m - a +1 vampiric war axe
 r - a +1 dagger of flaming
 v - a +2 war axe of freezing (weapon)
Missiles
 k - 164 stones
 l - 69 bolts
 o - 11 sling bullets
 p - 75 poisoned darts (quivered)
Armour
 c - a +1 kite shield (worn)
 q - a +0 chain mail (worn)
 s - a +0 pair of gloves (worn)
 y - a scarf of invisibility (worn)
Jewellery
 e - a ring of magical power (left hand)
 j - a +6 ring of dexterity (right hand)
 A - a ring of positive energy
Wands
 h - a wand of iceblast (20)
 u - a wand of polymorph (3)
 w - a wand of flame (37)
Scrolls
 f - 2 scrolls of identify
 x - 2 scrolls of fear
Potions
 b - 2 potions of mutation
 d - a potion of might
 g - 2 potions of curing
 i - 2 potions of invisibility
 n - 4 potions of lignification
 t - 2 potions of brilliance
 z - a potion of heal wounds


   Skills:
 - Level 8.0 Fighting
 + Level 6.4 Axes
 - Level 8.0 Armour
 - Level 9.0 Shields


You had 9 spell levels left.
You didn't know any spells.
Your spell library contained the following spells:

 Spells                   Type           Power      Damage    Failure   Level
 Foxfire                  Conj/Fire      0%         2x1d4     95%         1
 Sandblast                Erth           0%         2d4       95%         1
 Summon Small Mammal      Summ           0%         N/A       95%         1
 Passwall                 Tmut/Erth      0%         N/A       98%         2
 Slow                     Hex            0%         N/A       98%         2
 Call Canine Familiar     Summ           0%         N/A       100%        3
 Confusing Touch          Hex            0%         N/A       100%        3
 Conjure Flame            Conj/Fire      0%         6-21      100%        3
 Inner Flame              Hex/Fire       0%         N/A       100%        3
 Summon Guardian Golem    Hex/Summ       0%         N/A       100%        3
 Vampiric Draining        Necr           0%         2d6       100%        3
 Airstrike                Air            0%         N/A       100%        4
 Summon Lightning Spire   Summ/Air       0%         N/A       100%        4
 Lee's Rapid Deconstruct  Erth           0%         3d5*      100%        5
 Lightning Bolt           Conj/Air       0%         1d11      100%        5


Dungeon Overview and Level Annotations

Branches:
Dungeon (9/15)             Temple (1/1) D:6            Lair (0/6) D:9
    Orc: D:9-12

Altars:
Cheibriados
Dithmenos
Elyvilon
Fedhas
Gozag
Hepliaklqana
Kikubaaqudgha
Nemelex Xobeh
Ru
Sif Muna
Uskayaw
Wu Jian
Xom
Zin

Shops:
D:8 *


Innate Abilities, Weirdness & Mutations

You cannot be hasted, slowed, berserked, paralysed or teleported.
You can dig through walls and to a lower floor.
You have a pair of large antennae on your head. (SInv)
Your four strong arms can wield two-handed weapons with a shield.


Message History

You throw a poisoned dart.
The poisoned dart hits the two-headed ogre.
The two-headed ogre is poisoned.
You throw a poisoned dart.
The poisoned dart hits the two-headed ogre.
The two-headed ogre looks even sicker.
You throw a poisoned dart.
The poisoned dart hits the two-headed ogre.
You throw a poisoned dart.
The poisoned dart hits the two-headed ogre.
You hit the two-headed ogre. You freeze the two-headed ogre.
The two-headed ogre is lightly wounded.
You block the two-headed ogre's attack. The two-headed ogre barely misses you.
You slash the two-headed ogre! You freeze the two-headed ogre.
The two-headed ogre is moderately wounded.
The two-headed ogre hits you with a +0 dire flail.
The two-headed ogre barely misses you.
You hit the two-headed ogre. You freeze the two-headed ogre.
The two-headed ogre is moderately wounded.
The two-headed ogre hits you with a +0 dire flail!
The two-headed ogre hits you with a +0 giant spiked club.
You completely miss the two-headed ogre.
The two-headed ogre is heavily wounded.
You barely miss the two-headed ogre.
The two-headed ogre is heavily wounded.
The two-headed ogre hits you with a +0 dire flail!
The two-headed ogre hits you with a +0 giant spiked club!
You hit the two-headed ogre. You freeze the two-headed ogre.
The two-headed ogre is heavily wounded.
The two-headed ogre hits you but does no damage.
The two-headed ogre hits you with a +0 giant spiked club!
* * * LOW HITPOINT WARNING * * *
You hit the two-headed ogre but do no damage.
The two-headed ogre is heavily wounded.
The two-headed ogre closely misses you. x2
You slash the two-headed ogre! You freeze the two-headed ogre.
The two-headed ogre is severely wounded.
The two-headed ogre looks more healthy.
You block the two-headed ogre's attack.
The two-headed ogre hits you with a +0 giant spiked club!!
You die...

#.
#...#..#.###.........
#.##...##.###
#.........
#.....P...#
#.........
#≈..P>PP.≈#
#.........
#..P.PP...#
#.........
#.##PP.##.#
#.........
#..#...#..#
#.........
#...≈...#.#
#####..###
.....###@...#
#####.###
........O...#
#.......#
.##....(.####
#######.# ##.#(...
#...# .. (§... #.#.#
#. .(≈≈.≈≈ #.#.. .
#§§§§§≈. #.#.#
#§§..§§§§ #.#.# #.#.#


You could see a two-headed ogre.

Vanquished Creatures
  A two-headed ogre (D:8)
  A wyvern (D:9)
  A steam dragon (D:8)
  A black bear (D:6)
  A sky beast (D:7)
  An ice beast (D:6)
  An ogre (D:7)
  A kobold brigand (D:4)
  A phantom (D:5)
  A wyvern zombie (D:7)
  A bullfrog (D:6)
  A scorpion (D:5)
  A wyvern skeleton (D:5)
  A water moccasin skeleton (D:5)
  A howler monkey (D:7)
  A bullfrog zombie (D:7)
  A hound (D:6)
  2 bullfrog skeletons
  2 gnoll shamans
  2 orc priests
  2 jellies
  Terence (D:3)
  2 iguanas
  13 orc wizards
  Natasha (thrice) (D:2)
  A hound skeleton (D:4)
  15 gnolls
  7 adders
  A shadow imp (D:5)
  2 ufetubi (D:6)
  2 dart slugs
  24 orcs
  2 ball pythons
  5 endoplasms
  4 giant cockroaches
  5 goblins
  5 hobgoblins
  8 jackals
  7 kobolds
  2 quokkas
  8 bats
  3 frilled lizards
  9 rats
154 creatures vanquished.

Vanquished Creatures (others)
  A ghoul (D:1)
  A minotaur (D:1)
  An octopode (D:1)
  A gargoyle (D:1)
  A vampire (D:1)
  A formicid (D:1)
  2 humans (D:1)
  A demonspawn (D:1)
  An orc wizard (D:4)
  2 barachim (D:1)
  2 mummies (D:1)
  A gnoll (D:1)
  2 orcs
  6 tentacles (D:1)
23 creatures vanquished.

Grand Total: 177 creatures vanquished

Notes
Turn   | Place    | Note
-------+----------+-------------------------------------------
     0 | D:1      | potato4science the Formicid Fighter began the quest for the
                  | Orb.
     0 | D:1      | Reached XP level 1. HP: 18/18 MP: 1/1
     3 | D:1      | Killed a barachi
     4 | D:1      | Noticed a vampire
     4 | D:1      | Noticed a ghoul
     4 | D:1      | Noticed an octopode
     4 | D:1      | Noticed a minotaur
     4 | D:1      | Noticed a kraken
     4 | D:1      | Noticed a demonspawn
     4 | D:1      | Noticed a barachi
     4 | D:1      | Noticed a formicid
     4 | D:1      | Noticed a human
     4 | D:1      | Noticed a gargoyle
     4 | D:1      | Noticed a human
     5 | D:1      | Killed a barachi
     5 | D:1      | Killed an octopode
     6 | D:1      | Killed a gargoyle
     9 | D:1      | Killed a human
    10 | D:1      | Killed a human
    11 | D:1      | Killed a ghoul
    12 | D:1      | Killed a demonspawn
    13 | D:1      | Killed a minotaur
    16 | D:1      | Killed a vampire
    17 | D:1      | Killed a formicid
   234 | D:1      | Reached skill level 4 in Shields
   302 | D:1      | Reached XP level 2. HP: 24/24 MP: 2/2
   468 | D:1      | Reached XP level 3. HP: 29/29 MP: 3/3
   544 | D:1      | You fall into a shaft and drop 1 floor!
  1187 | D:1      | Found a faded altar of an unknown god.
  1690 | D:1      | Found a faded altar of an unknown god.
  2418 | D:2      | Noticed Natasha
  2426 | D:2      | Killed Natasha
  2427 | D:2      | Reached XP level 4. HP: 21/37 MP: 4/4
  2591 | D:2      | Noticed Natasha
  2625 | D:2      | Killed Natasha
  2864 | D:2      | Noticed Natasha
  2874 | D:2      | Killed Natasha
  2875 | D:2      | Reached XP level 5. HP: 35/42 MP: 5/5
  2944 | D:2      | Reached skill level 5 in Shields
  3655 | D:3      | Noticed Terence
  3780 | D:3      | Killed Terence
  3990 | D:3      | Reached XP level 6. HP: 36/48 MP: 6/6
  4494 | D:4      | Reached skill level 5 in Fighting
  4981 | D:4      | Found a glowing silver altar of Zin.
  5163 | D:4      | Reached skill level 5 in Armour
  5163 | D:4      | Reached XP level 7. HP: 44/56 MP: 7/7
  5977 | D:4      | Found a shimmering blue altar of Sif Muna.
  6044 | D:4      | Reached skill level 6 in Shields
  6313 | D:5      | Entered Level 5 of the Dungeon
  6371 | D:5      | Found a shadowy altar of Dithmenos.
  6493 | D:5      | Reached skill level 7 in Shields
  6635 | D:5      | Reached XP level 8. HP: 58/64 MP: 8/8
  7339 | D:6      | Reached skill level 5 in Axes
  7576 | D:6      | Reached skill level 8 in Shields
  7643 | D:6      | Found a staircase to the Ecumenical Temple.
  7656 | Temple   | Entered the Ecumenical Temple
  8506 | D:7      | Reached XP level 9. HP: 62/71 MP: 9/9
  8820 | D:7      | Found a sparkling altar of Nemelex Xobeh.
  9363 | D:8      | Noticed a two-headed ogre
  9425 | D:8      | Found Ocuesox's Overcharged Wands.
  9624 | D:8      | Killed a two-headed ogre
  9625 | D:8      | Reached skill level 9 in Shields
 10718 | D:9      | Reached XP level 10. HP: 68/80 MP: 10/10
 10848 | D:9      | Found a staircase to the Lair.
 10856 | D:9      | Noticed a two-headed ogre
 10869 | D:9      | Slain by a two-headed ogre

Illustrated notes

Levels and vault maps discovered:
D:1:      nicolae_arrival_kraken_aquarium_b, layout_loops_corners,
          shapermc_ecumenical_altar_mp_vishouse, minmay_misc_feat_encased,
          dk_noncrumbling_2, nrook_loot_triangle
D:2:      layout_loops_cross, uniq_natasha
D:3:      layout_basic, uniq_terence
D:4:      layout_loops_corners, tgw_sif, zin_scriptorium, minivault_19,
          kennysheep_generic_room_15
D:5:      layout_loops_ring, lemuel_crystal_altar, minmay_misc_feat_pillars,
          corner_web_ring
D:6:      layout_loops_ring, minmay_temple_entry_tees,
          minmay_a_box_with_orc_wizards_in_it
D:7:      layout_loops_ring, lemuel_crystal_altar
D:8:      layout_basic, nicolae_shop_overcharged_wands
D:9:      layout_roguey, chequers_temple_overflow_minitemple,
          mainiacjoe_overflow_small_starburst, nzn_makhleb_speed_demon,
          dpeg_oklobed_lair
Temple:   chequers_temple_sunken

Skill      XL: |  1  2  3  4  5  6  7  8  9 |
---------------+----------------------------+-----
Shields        | 4 5 7 8 9 |  9.0
Axes           | 3 4 5 6 |  6.4
Fighting       | 4 5 6 8 |  8.0
Armour         | 4 5 6 8 |  8.0

Action                   |  1- 3 |  4- 6 |  7- 9 | 10-12 || total
-------------------------+-------+-------+-------+-------++-------
Melee: War axe           |    89 |   172 |   283 |     8 ||   552
Throw: Stone             |       |    21 |    39 |       ||    60
       Dart              |       |       |     3 |     5 ||     8
 Abil: Dig               |       |       |     3 |       ||     3
  Use: Scroll            |       |     5 |     6 |     2 ||    13
Armor: Scale mail        |    39 |    19 |       |       ||    58
       Chain mail        |       |    45 |    80 |     1 ||   126
Dodge: Dodged            |    35 |    45 |    71 |     4 ||   155
Block: Kite shield       |    52 |   102 |   184 |     2 ||   340
